 Dungeon Crawl Stone Soup version 0.29.1-1-gd02db6906a (webtiles) character file.

Game seed: 4681430904462679530

11 RascalDebosk the Magician (level 2, -1/33 HPs)
             Began as a Djinni Ice Elementalist on Oct 10, 2022.
             Frozen to death by an endoplasm (4 damage)
             ... on level 1 of the Dungeon.
             The game lasted 00:03:57 (964 turns).

RascalDebosk the Magician (Djinni Ice Elementalist)  Turns: 964, Time: 00:03:58

Health: -1/33      AC: 21    Str:  7    XL:     2   Next: 35%
Gold:   13         EV:  2    Int: 16    God:
                   SH:  0    Dex: 13

rFire   . . .      SeeInvis .   s - +0 dagger
rCold   . . .      Faith    .   (no shield)
rNeg    . . .      Spirit   .   (body armour currently unavailable)
rPois   ∞          Reflect  .   (helmet currently unavailable)
rElec   .          Harm     .   (cloak currently unavailable)
rCorr   .          Rampage  .   (gloves currently unavailable)
Will    .....      NoTele   +   (boots unavailable)
Stlth   ++........              (no amulet)
HPRegen 0.11/turn               (no ring)
MPRegen 0.00/turn               (no ring)

@: tree-form, very slightly contaminated
A: stationary, stasis, torment immunity, boosted hp, sickness immunity, (fire
resistance 2), (cold vulnerability 1), float, innate caster, HP casting, extra
vitality 1
a: no special abilities


You were on level 1 of the Dungeon.
You were a tree.
You visited 1 branch of the dungeon, and saw 1 of its levels.

You collected 13 gold pieces.

Inventory:

Hand Weapons
 s - a +0 dagger (weapon)
Armour
 a - a +0 robe (melded)
Scrolls
 c - a scroll of poison {unknown}
 d - 2 scrolls of teleportation {unknown}
 e - a scroll of fear {unknown}
 g - a scroll of vulnerability {unknown}
 h - a scroll of butterflies {unknown}
Potions
 f - a potion of flight {unknown}


   Skills:
 + Level 0.6 Fighting
 + Level 2.5 Dodging
 - Level 1.5 Stealth
 + Level 3.3 Spellcasting
 + Level 0.6 Evocations


You couldn't memorise any spells.
You knew the following spells:

 Your Spells              Type           Power      Damage    Failure   Level
a - Freeze                Ice            52%        1d7       4%          1
b - Frozen Ramparts       Ice            26%        1d4       14%         3
c - Ozocubu's Armour      Ice            13%        N/A       14%         3
d - Hailstorm             Conj/Ice       13%        3d5       41%         4
Your spell library was empty.

Dungeon Overview and Level Annotations

Branches:
Dungeon (1/15)

Altars:


Innate Abilities, Weirdness & Mutations

You are a tree.
Your roots penetrate the ground, keeping you stationary.
You cannot be teleported.
You are immune to unholy pain and torment.
Your maximum health is greatly increased.
Your equipment is partially melded.
You are immune to sickness and miasma.
You are immune to poison.
((Your flesh is very heat resistant. (rF++)))
((You are vulnerable to cold. (rC-)))
You float through the air rather than walking.
You learn spells naturally, not from books.
Your magical power is your life essence.
You have superior vitality. (+4 MHP)


Message History

You see here a +0 shortbow.
Found a stone staircase leading down.
A ball python comes into view.
Aiming: Freeze (safe; 4% risk of failure)
Press: ? - help, Q - select action Shift-Dir - straight line, f - ball python
Aim: a ball python (asleep)
You freeze the ball python.
You kill the ball python!
A ball python comes into view.
A quokka comes into view.
Found a golden potion.
Found a scroll labelled YXTUUPT DICU.
The quokka closely misses you.
Aiming: Freeze (safe; 4% risk of failure)
Press: ? - help, Q - select action Shift-Dir - straight line, f - ball python
Aim: a ball python You freeze the ball python!
You kill the ball python!
The quokka closely misses you.
Aiming: Freeze (safe; 4% risk of failure)
Press: ? - help, Q - select action Shift-Dir - straight line, f - quokka
Aim: a quokka You freeze the quokka.
The quokka is moderately wounded.
The quokka barely misses you.
Aiming: Freeze (safe; 4% risk of failure)
Press: ? - help, Q - select action Shift-Dir - straight line, f/p - quokka
Aim: a quokka (moderately wounded)
You freeze the quokka.
You kill the quokka!
You start resting.
HP restored.
You start waiting.
Done waiting.
f - a golden potion
g - a scroll labelled YXTUUPT DICU A rat comes into view.
The rat twitches its whiskers.
The rat barely misses you.
You hit the rat.
The rat is heavily wounded.
The rat bites you.
Aiming: Freeze (safe; 4% risk of failure)
Press: ? - help, Q - select action Shift-Dir - straight line, f - rat
Aim: a rat (heavily wounded)
You freeze the rat.
You kill the rat!
HP restored.
A rat comes into view.
Found a ring mail.
Casting: Freeze (safe; 4% risk of failure)
Confirm with . or Enter, or press ? or * to list all spells.
You aren't experienced enough to cast this spell.
You completely miss the rat.
The rat twitches its whiskers.
The rat misses you.
You hit the rat.
You kill the rat!
You see here a +0 ring mail.
A gnoll comes into view. It is wielding a +0 spear.
You see here a scroll labelled HENEUTHEZY.
A gnoll is nearby!
h - a scroll labelled HENEUTHEZY A gnoll is nearby!
A gnoll is nearby!
Found a stone staircase leading down.
An endoplasm comes into view.
You reach down and open the door.
The gnoll shouts!
The endoplasm quivers.
A frilled lizard comes into view.
The gnoll hits you with a +0 spear.
Aiming: Freeze (safe; 4% risk of failure)
Press: ? - help, Q - select action Shift-Dir - straight line, f - gnoll
Aim: a gnoll, wielding a +0 spear You freeze the gnoll.
The gnoll is moderately wounded.
The endoplasm freezes you.
You are frozen.
The gnoll hits you with a +0 spear.
* * * LOW HITPOINT WARNING * * *
Aiming: Freeze (safe; 4% risk of failure)
Press: ? - help, Q - select action Shift-Dir - straight line, f/p - gnoll
Aim: a gnoll, wielding a +0 spear (moderately wounded)
You miscast Freeze.
You are very lightly contaminated with residual magic.
Nothing appears to happen.
* * * LOW HITPOINT WARNING * * *
The endoplasm freezes you.
You are frozen.
* * * LOW HITPOINT WARNING * * *
The gnoll hits you with a +0 spear!
* * * LOW HITPOINT WARNING * * *
You don't have enough health to cast this spell.
You don't have enough health to cast this spell.
Unknown command.
It was a potion of lignification.
You turn into a tree.
Your +0 robe melds into your body.
Your roots penetrate the ground.
The endoplasm freezes you.
You are frozen.
You die...

#..... ........ .###.....
........ ........ ....l...
...... ...... ...#
######....
##########.###.....#'######
...............[.l.J.....>#
.........#.###.#g#.#.####.#
######## #.# #.#♣#.#.####.#
...... #.# ..#.J.#J#....#
...... #.#.#######.#.##.#
...... #.#. .#.##.# ......
#.###########.##.### ......
#..................# ......
#############......# ......
#.# ####........†.# ######
#.# ###....###......#


You could see a gnoll, an endoplasm and a frilled lizard (wandering).

Vanquished Creatures
  An endoplasm (D:1)
  3 goblins (D:1)
  A kobold (D:1)
  A quokka (D:1)
  2 ball pythons (D:1)
  2 rats (D:1)
10 creatures vanquished.

Notes
Turn   | Place    | Note
-------+----------+-------------------------------------------
     0 | D:1      | RascalDebosk the Djinni Ice Elementalist began the quest
                  | for the Orb.
     0 | D:1      | RascalDebosk set off with the following spells memorised:
                  | Freeze, Frozen Ramparts, Ozocubu's Armour, Hailstorm.
     0 | D:1      | Reached XP level 1. HP: 15/15 MP: 0/0
   435 | D:1      | Reached XP level 2. HP: 5/22 MP: 0/0
   963 | D:1      | HP: 1/22 [gnoll/+0 spear (7)]
   964 | D:1      | Frozen to death by an endoplasm

Illustrated notes

Levels and vault maps discovered:
D:1:      dpeg_arrival_round_c, layout_basic, serial_glass, glass_columns_a,
          glass_columns_b, glass_columns_b

Action                   || total
-------------------------++-------
Melee: Dagger            ||    16
 Cast: Freeze            ||    13
  Use: Potion            ||     1
Armor: Robe              ||     1
Dodge: Dodged            ||    14
